 Dungeon Crawl Stone Soup version 0.28.0-53-g5a82cb258f (webtiles) character file.

Game seed: 4721278275701249593

119 mortz the Conjurer (level 4, -4/33 HPs)
             Began as a Demigod Conjurer on June 5, 2022.
             Killed by divine providence
             ... invoked by an orc priest
              (12 damage)
             ... on level 3 of the Dungeon.
             The game lasted 00:07:26 (2292 turns).

mortz the Conjurer (Demigod Conjurer)               Turns: 2292, Time: 00:07:27

Health: -4/33      AC:  4    Str:  8    XL:     4   Next: 46%
Magic:  1/10       EV: 11    Int: 24    God:
Gold:   88         SH:  5    Dex: 12    Spells: 4/7 levels left

rFire   . . .      SeeInvis .   i - +0 short sword {short}
rCold   . . .      Faith    .   (no shield)
rNeg    + . .      Spirit   .   p - +0 leather armour
rPois   +          Reflect  +   b - +0 helmet
rElec   .          Harm     .   (no cloak)
rCorr   .          Rampage  .   (no gloves)
Will    .....                   (no boots)
Stlth   ++........              g - amulet of reflection
HPRegen 0.11/turn               n - ring of poison resistance
MPRegen 0.12/turn               r - ring of positive energy

@: very slightly contaminated
A: high MP 1, forlorn, divine attributes
a: no special abilities


You were on level 3 of the Dungeon.
You visited 1 branch of the dungeon, and saw 3 of its levels.

You collected 88 gold pieces.


Innate Abilities, Weirdness & Mutations

You have an increased reservoir of magic. (+10% MP)
You shall have no god before yourself.
Your divine heritage dramatically boosts your attributes as you level up.


   Skills:
 + Level 1.9 Dodging
 + Level 1.9 Stealth
 + Level 2.4 Spellcasting
 + Level 4.9 Conjurations
 * Level 1.2 Translocations


You had 4 spell levels left.
You knew the following spells:

 Your Spells              Type           Power      Damage    Failure   Level
a - Magic Dart            Conj           100%       1d8       2%          1
b - Searing Ray           Conj           52%        2d6       3%          2

Your spell library contained the following spells:

 Spells                   Type           Power      Damage    Failure   Level
 Dazzling Flash           Conj/Hex       28%        N/A       19%         3
 Iskenderun's Mystic Bla  Conj/Tloc      17%        2d5       43%         4
 Fulminant Prism          Conj/Hex       7%         3d7       52%         4
 Agony                    Necr           2%         N/A       99%         5
 Silence                  Hex/Air        1%         N/A       99%         5

Inventory:

Hand Weapons
 c - a +0 dagger {short}
   (You took it off a kobold on level 1 of the Dungeon)
 i - a +0 short sword (weapon) {short}
   (You took it off a kobold on level 1 of the Dungeon)
 q - a +0 hand axe {axe}
   (You took it off an orc on level 2 of the Dungeon)
Armour
 a - a +0 robe
 b - a +0 helmet (worn)
   (You found it on level 1 of the Dungeon)
 p - a +0 leather armour (worn)
   (You found it on level 2 of the Dungeon)
Jewellery
 g - an amulet of reflection (around neck)
   (You found it on level 1 of the Dungeon)
 n - a ring of poison resistance (left hand)
   (You found it on level 2 of the Dungeon)
 r - a ring of positive energy (right hand)
   (You found it on level 3 of the Dungeon)
 s - a ring of protection from cold
   (You found it on level 3 of the Dungeon)
Scrolls
 k - a scroll of amnesia {unknown}
 m - a scroll of torment {unknown}
 o - a scroll of identify {unknown}
Potions
 d - a potion of lignification {unknown}
 e - a potion of heal wounds {unknown}
 f - a potion of mutation {unknown}
 h - 2 potions of curing {unknown}
 j - 2 potions of resistance {unknown}
 l - a potion of magic {unknown}
 t - a potion of cancellation {unknown}

Dungeon Overview and Level Annotations

Branches:
Dungeon (3/15)

...........#######
###.
.................#
#...
≈≈.........#####.#
#... ≈≈.........#
#.# ## ###...
≈≈.........# #.#
#.##.....
...........# #.#
#.##.....
...........# #.#
#.##.....
#..........# #.#
#........
#..........# #@#
#..#.....
#..........# #.#
#..#.....
#######.#### #.#
#..#..... #.# #.#
#[.###### #.#
#.########..# #.#
#o##.o.o....#
#.##.######.#
#.##.# #.# #.##.#
#.#


You could see an orc priest.


Message History

Aim: an orc, wielding a +0 club (100% to hit)
The magic dart hits the orc!
You kill the orc! 😕 MP[-1]
You lost 1 mp, and now have 0/10 mp.
An orc priest comes into view.
It is wielding a +0 club. 😕 HP[+1] MP[+1]
The orc priest shouts!
The orc priest invokes the aid of Beogh against you.
Pain shoots through your body!
Items here: )) [ †. 😕 HP[-1]
You take 1 damage, and now have 31/33 hp.
Aiming: Magic Dart (safe; 2% risk of failure)
Press: ? - help, Q - select action, (/) - cycle Shift-Dir - straight line, f - orc priest
Aim: an orc priest, wielding a +0 club and wearing a +0 ring mail (100% to hit)
The magic dart hits the orc priest but does no damage.
The orc priest mumbles some strange prayers to Beogh against you.
You barely resist. 😕 MP[-1]
You lost 1 mp, and now have 0/10 mp.
The orc priest closely misses you.
You barely miss the orc priest.
The orc priest hits you but does no damage. 😕 MP[+1]
You hit the orc priest but do no damage.
You block the orc priest's attack.
You closely miss the orc priest.
The orc priest hits you with a +0 club. 😕 HP[-2]
You take 2 damage, and now have 29/33 hp.
You hit the orc priest but do no damage.
You block the orc priest's attack.
You closely miss the orc priest.
The orc priest hits you with a +0 club. 😕 HP[-3]
You take 3 damage, and now have 26/33 hp.
You hit the orc priest but do no damage.
The orc priest looks satisfied for a moment.
You hit the orc priest. The orc priest misses you.
You hit the orc priest but do no damage.
The orc priest calls down the wrath of Beogh upon you.
Pain shoots through your body! 😕 HP[-1]
You take 1 damage, and now have 25/33 hp.
You closely miss the orc priest.
You punch the orc priest, but do no damage.
The orc priest mumbles some strange prayers to Beogh against you.
You barely resist. The orc priest misses you. 😕 MP[+1]
The orc priest calls down the wrath of Beogh upon you.
Pain shoots through your body! 😮 HP[-5]
You take 5 damage, and now have 20/33 hp. 😮 HP[+1]
The orc priest looks encouraged for a moment. 😮 MP[+1] 😮 HP[+1]
You see here a quokka corpse. 😮 MP[+1]
The orc priest invokes the aid of Beogh against you.
Pain shoots through your body! 😮 HP[-1]
You take 1 damage, and now have 21/33 hp. 😮 MP[+1]
Casting: Magic Dart (safe; 2% risk of failure)
Confirm with . or Enter, or press ? or * to list all spells.
Aiming: Searing Ray (safe; 3% risk of failure)
Press: ? - help, Shift-Dir - straight line, f/p - orc priest
Aim: an orc priest, wielding a +0 club and wearing a +0 ring mail (82% to hit)
You miscast Searing Ray.
You are very lightly contaminated with residual magic.
Nothing appears to happen.
The orc priest mumbles some strange prayers to Beogh against you.
Pain shoots through your body! 😮 HP[-2] MP[-2]
You take 2 damage, and now have 19/33 hp.
You lost 2 mp, and now have 3/10 mp.
Casting: Searing Ray (safe; 3% risk of failure)
Confirm with . or Enter, or press ? or * to list all spells.
Aiming: Searing Ray (safe; 3% risk of failure)
Press: ? - help, Shift-Dir - straight line, f/p - orc priest
Aim: an orc priest, wielding a +0 club and wearing a +0 ring mail (82% to hit)
The searing ray hits the orc priest. (Press . to maintain the ray.)
The orc priest mumbles some strange prayers to Beogh against you.
Beogh smites you!
* * * LOW HITPOINT WARNING * * *
😱 HP[-12] MP[-2]
You take 12 damage, and now have 7/33 hp.
MASSIVE DAMAGE!! (PAUSE)
You lost 2 mp, and now have 1/10 mp.
The searing ray misses the orc priest. 😱 MP[-1]
You lost 1 mp, and now have 0/10 mp.
Okay, then.
The orc priest looks braver for a moment. 😱 HP[+1] 😱 MP[+1]
The orc priest invokes the aid of Beogh against you.
Beogh smites you!
You die...

Skill      XL: |  1  2  3 |
---------------+----------+-----
Conjurations   | 4 |  4.9
Spellcasting   | 2 |  2.4
Translocations | 1 |  1.2
Dodging        | |  1.9
Stealth        | |  1.9

Action                   |  1- 3 |  4- 6 || total
-------------------------+-------+-------++-------
Melee: Short sword       |       |     9 ||     9
       Punch             |       |     1 ||     1
 Cast: Magic Dart        |    66 |     6 ||    72
       Searing Ray       |     9 |     7 ||    16
Armor: Robe              |     1 |       ||     1
       Leather armour    |       |     1 ||     1
Dodge: Dodged            |     2 |     5 ||     7
Block: Other             |       |     2 ||     2

Levels and vault maps discovered:
D:1:      psy_arrival_conway, layout_loops_ring, st_stairs_6,
          minmay_crystal_water
D:2:      layout_basic, minmay_misc_feat_five
D:3:      layout_basic, shapermc_ecumenical_altar_pompeii, serial_park_tiny_pond

Notes
Turn   | Place    | Note
-------+----------+-------------------------------------------
     0 | D:1      | mortz the Demigod Conjurer began the quest for the Orb.
     0 | D:1      | Reached XP level 1. HP: 14/14 MP: 5/5
     0 | D:1      | magus.rc [v1.9.6]
   345 | D:1      | Reached skill level 4 in Conjurations
   345 | D:1      | Reached XP level 2. HP: 20/20 MP: 5/7
   774 | D:1      | Reached skill level 2 in Spellcasting
  1024 | D:2      | Learned a level 2 spell: Searing Ray
  1276 | D:2      | Reached XP level 3. HP: 26/26 MP: 4/8
  1387 | D:2      | magus.rc [v1.9.6]
  2004 | D:3      | Reached skill level 1 in Translocations
  2004 | D:3      | Reached XP level 4. HP: 33/33 MP: 6/10
  2056 | D:3      | You pick up a book of the Senses and begin reading...
  2056 | D:3      | You add the spells Agony and Silence to your library.
  2286 | D:3      | HP: 7/33 [orc priest/divine providence (12)]
  2292 | D:3      | Killed from afar by an orc priest

Vanquished Creatures
  An orc wizard (D:3)
  4 adders
  4 orcs
  2 bats
  3 endoplasms
  3 giant cockroaches
  5 goblins
  5 hobgoblins
  2 jackals (D:3)
  6 quokkas
  7 ball pythons
  2 frilled lizards
  3 kobolds
  3 rats (D:1)
50 creatures vanquished.

Table legend:
 A = Non-vault XP
 B = Vault XP
 C = Vault XP percentage of total XP
 D = Non-vault monster count
 E = Vault monster count
 F = Vault count percentage of total count
                 A         B        C        D         E       F
            +---------+---------+-------+---------+---------+-------
      Total |     167 |       3 |   1.8 |      48 |       2 |   4.0
            +---------+---------+-------+---------+---------+-------
        D:1 |      32 |       3 |   8.6 |      20 |       2 |   9.1
        D:2 |      69 |       0 |   0.0 |      19 |       0 |   0.0
        D:3 |      66 |       0 |   0.0 |       9 |       0 |   0.0
            +---------+---------+-------+---------+---------+-------

Illustrated notes

Table legend:
 A = Kills in this place as a percentage of kills in entire the game.
 B = Kills by you in this place as a percentage of kills by you in the entire game.
 C = Kills by friends in this place as a percentage of kills by friends in the entire game.
 D = Other kills in this place as a percentage of other kills in the entire game.
 E = Experience gained in this place as a percentage of experience gained in the entire game.
 F = Experience gained in this place divided by the number of levels of this place that you have seen.
                   A       B       C       D       E      F
               +-------+-------+-------+-------+-------+----------------------
         Total | 100.0 | 100.0 |   N/A |   N/A | 100.0 |  56.7
       Dungeon | 100.0 | 100.0 |   N/A |   N/A | 100.0 |  56.7
               +-------+-------+-------+-------+-------+----------------------

Table legend: (Time is in decaauts)
 A = Elapsed time spent in this place.
 B = Non-inter-level travel time spent in this place.
 C = Inter-level travel time spent in this place.
 D = Time resting spent in this place.
 E = Time spent auto-exploring this place.
 F = Levels seen in this place.
 G = Mean time per level.
                   A        B        C        D        E       F      G
               +--------+--------+--------+--------+--------+-----+--------+
         Total |   2296 |   2240 |     56 |      7 |   1937 |   3 |  765.3 |
       Dungeon |   2296 |   2240 |     56 |      7 |   1937 |   3 |  765.3 |
               +--------+--------+--------+--------+--------+-----+--------+

Top non-repeatable levels by time:
     D:1: 1006 daAuts
     D:2: 985 daAuts
     D:3: 305 daAuts
